 Dungeon Crawl Stone Soup version 0.30-a0-373-gd37427bb62 (webtiles) character file.

Game seed: 12219412447250379210

47 qeuew the Trooper (level 3, -2/29 HPs)
             Began as a Demonspawn Monk on Nov 24, 2022.
             Slain by Sigmund
             ... wielding a +0 scythe
              (9 damage)
             ... on level 2 of the Dungeon.
             The game lasted 00:02:52 (1040 turns).

qeuew the Trooper (Demonspawn Monk)                 Turns: 1040, Time: 00:02:53

Health: -2/29      AC:  8    Str: 11    XL:     3   Next: 48%
Magic:  3/3        EV:  5    Int: 11    God:
Gold:   63         SH:  0    Dex: 17    Spells: 2/2 levels left

rFire   . . .      SeeInvis .    a - +0 hand axe
rCold   . . .      Faith    .    (no shield)
rNeg    . . .      Spirit   .    k - +0 chain mail
rPois   .          Reflect  +    (no helmet)
rElec   .          Harm     .    (no cloak)
rCorr   .          Rampage  .    (no gloves)
Will    .....                    (no boots)
Stlth   ..........               d - amulet of reflection
HPRegen 0.24/turn                (no ring)
MPRegen 0.08/turn                (no ring)

@: confused
A: demonic magic 1
a: no special abilities


You were on level 2 of the Dungeon.
You visited 1 branch of the dungeon, and saw 2 of its levels.

You collected 63 gold pieces.

Inventory:

Hand Weapons
 a - a +0 hand axe (weapon)
Armour
 k - a +0 chain mail (worn)
Jewellery
 d - an amulet of reflection (around neck)
Scrolls
 c - 2 scrolls of identify
 e - a scroll of fog {unknown}
 i - a scroll of teleportation
Potions
 f - 2 potions of curing {unknown}
 g - a potion of cancellation
 h - a potion of mutation {unknown}


   Skills:
 + Level 3.4 Fighting
 + Level 3.1 Axes
 + Level 1.2 Armour
 + Level 3.1 Dodging
 - Level 1.7 Stealth


You had 2 spell levels left.
You didn't know any spells.
Your spell library contained the following spells:

 Spells                   Type           Power      Damage    Failure   Level
 Beastly Appendage        Tmut           0%         N/A       100%        1
 Wereblood                Tmut           0%         N/A       100%        2
 Spider Form              Tmut/Pois      0%         N/A       100%        3


Dungeon Overview and Level Annotations

Branches:
Dungeon (2/15)

Altars:

Annotations:
D:2 Sigmund


Innate Abilities, Weirdness & Mutations

Spells you cast may paralyse adjacent enemies.


Message History

You hit Sigmund but do no damage. Sigmund completely misses you.
You feel less confused. Sigmund barely misses you.
Sigmund hits you but does no damage.
Sigmund breathes a few words.
Sigmund's hands start flickering wildly.
Sigmund casts a spell.
Sigmund flickers and vanishes!
Deactivating autopickup; reactivate with Ctrl-A.
You hit something. Something hits you!
You hit something. You block something's attack.
You closely miss something. You closely miss something.
You hear some strange, mumbled words.
Something tries to affect you, but you resist.
Okay, then.
You hit something.
You hear some strange, mumbled words.
You are confused.
Something hits you but does no damage.
You miss something.
You hear some strange, mumbled words.
You are more confused.
You hear some strange, mumbled words.
You are more confused.
You hit something.
You hear some strange, mumbled words.
A magic dart appears from out of thin air!
The magic dart hits you!
* * * LOW HITPOINT WARNING * * *
You're too confused to move!
Something hits you.
* * * LOW HITPOINT WARNING * * *
You are more confused.
You feel invigorated.
You hear some strange, mumbled words.
You are more confused.
You completely miss something. Something hits you!
* * * LOW HITPOINT WARNING * * *
You barely miss something.
You feel less invigorated. Something hits you!
You die...

......# #.# ......#
#.# )..#### #.#
#..## ###.# #^..###
##...## [.#...#
##.....##
#####.#####.......#
# #.............# #
######.....{@.#
###<....##
#.......# #.......#
#......$# ##..>..##
##...## #####


There were no monsters in sight!

Vanquished Creatures
  An adder (D:2)
  A worm (D:2)
  2 dart slugs
  2 ball pythons
  6 endoplasms
  2 giant cockroaches
  A goblin (D:1)
  2 hobgoblins (D:2)
  2 jackals (D:1)
  3 bats
  2 frilled lizards (D:1)
  A kobold (D:1)
  5 rats
30 creatures vanquished.

Notes
Turn   | Place    | Note
-------+----------+-------------------------------------------
     0 | D:1      | qeuew the Demonspawn Monk began the quest for the Orb.
     0 | D:1      | Reached XP level 1. HP: 18/18 MP: 1/1
   132 | D:1      | Gained mutation: Spells you cast may paralyse adjacent
                  | enemies. [demonic ancestry]
   132 | D:1      | Reached XP level 2. HP: 19/24 MP: 2/2
   765 | D:2      | Reached skill level 1 in Armour
   807 | D:2      | Reached XP level 3. HP: 28/29 MP: 3/3
  1014 | D:2      | Noticed Sigmund
  1037 | D:2      | HP: 1/29 [something (6)]
  1040 | D:2      | Slain by Sigmund

Illustrated notes

Levels and vault maps discovered:
D:1:      onia_arrival_pyramid, layout_basic, minmay_misc_feat_pillars
D:2:      layout_rooms, uniq_sigmund, uniq_jessica

Skill      XL: |  1  2 |
---------------+-------+-----
Dodging        | 3 |  3.1
Axes           | 3 |  3.1
Armour         | 1 |  1.2
Fighting       | |  3.4
Stealth        | |  1.7

Action                   || total
-------------------------++-------
Melee: Hand axe          ||   116
       Punch             ||     1
  Use: Scroll            ||     5
       Potion            ||     5
 Stab: Sleeping          ||     7
Armor: Robe              ||    17
       Chain mail        ||     3
Dodge: Dodged            ||    53
Block: Other             ||    19

Table legend: (Time is in decaauts)
 A = Elapsed time spent in this place.
 B = Non-inter-level travel time spent in this place.
 C = Inter-level travel time spent in this place.
 D = Time resting spent in this place.
 E = Time spent auto-exploring this place.
 F = Levels seen in this place.
 G = Mean time per level.
                   A        B        C        D        E       F      G
               +--------+--------+--------+--------+--------+-----+--------+
         Total |   1058 |   1048 |     10 |      0 |    736 |   2 |  529.0 |
       Dungeon |   1058 |   1048 |     10 |      0 |    736 |   2 |  529.0 |
               +--------+--------+--------+--------+--------+-----+--------+

Top non-repeatable levels by time:
     D:1: 759 daAuts
     D:2: 298 daAuts
